 Dungeon Crawl Stone Soup version 0.22-a0-587-g7d32d7c7ae (webtiles) character file.

3451 Kholdaimon the Blocker (level 9, 0/83 HPs)
             Began as a Minotaur Fighter on July 4, 2018.
             Was a Believer of Okawaru.
             Slain by a killer bee (7 damage)
             ... on level 7 of the Dungeon.
             The game lasted 00:29:14 (7706 turns).

Kholdaimon the Blocker (Minotaur Fighter)           Turns: 7706, Time: 00:29:15

Health: 0/83       AC:  8    Str: 21    XL:     9   Next: 78%
Magic:  8/8        EV:  8    Int:  8    God:    Okawaru [**....]
Gold:   191        SH: 11    Dex: 10    Spells: 8/8 levels left

rFire    + . .     SeeInvis .   a - +1 war axe
rCold    x . .     Gourm    .   c - +0 shield
rNeg     . . .     Faith    .   b - +0 scale mail
rPois    .         Spirit   .   (helmet restricted)
rElec    .         Reflect  .   (no cloak)
rCorr    .         Harm     .   (no gloves)
MR       .....                  (no boots)
Stlth    ..........             (no amulet)
HPRegen  0.23/turn              n - ring of loudness (curse)
MPRegen  0.11/turn              B - ring of fire

@: lethally poisoned (0 -> -1)
A: retaliatory headbutt, horns 2
a: Heroism, Renounce Religion


You were on level 7 of the Dungeon.
You worshipped Okawaru.
Okawaru was pleased with you.
You were not hungry.

You visited 2 branches of the dungeon, and saw 8 of its levels.
You also visited: Sewer.

You collected 378 gold pieces.
You spent 187 gold pieces at shops.

Inventory:

Hand Weapons
 a - a +1 war axe (weapon)
 s - a +0 blowgun
 y - a +0 hunting sling
 O - a +2 dagger of venom
Missiles
 e - 366 stones (quivered)
 l - 28 sling bullets
 q - 34 poisoned needles
 C - 46 bolts
 D - 3 tomahawks
Armour
 b - a +0 scale mail (worn)
 c - a +0 shield (worn)
 G - a +3 leather armour of poison resistance
 J - a +0 plate armour
Jewellery
 n - a cursed ring of loudness (left hand)
 B - a ring of fire (right hand)
Wands
 v - a wand of flame (22)
 A - a wand of enslavement (8)
 F - a wand of iceblast (8)
Scrolls
 h - 2 scrolls of amnesia
 m - a scroll of enchant weapon
 p - 4 scrolls of immolation
 t - 3 scrolls of teleportation
 u - a scroll of fog {unknown}
 w - a scroll of identify
 H - 7 scrolls of remove curse {unknown}
 I - a scroll of fear
 K - 3 scrolls of magic mapping {unknown}
 N - a scroll of blinking {unknown}
Potions
 d - 6 potions of might
 g - 2 potions of lignification
 i - 2 potions of ambrosia
 j - a potion of mutation
 k - 2 potions of agility
 o - a potion of resistance {unknown}
 r - a potion of berserk rage
 x - a potion of heal wounds
 z - 4 potions of curing
 E - 3 potions of flight
 L - 2 potions of brilliance
Comestibles
 f - 9 rations


   Skills:
 - Level 9.0 Fighting
 * Level 8.8 Axes
 - Level 9.0 Armour
 * Level 9.2 Shields
 + Level 1.0 Invocations


You had 8 spell levels left.
You didn't know any spells.
Your spell library was empty.

Dungeon Overview and Level Annotations

Branches:
Dungeon (7/15)             Temple (1/1) D:4

Altars:
Gozag
Kikubaaqudgha
Makhleb
Okawaru
Qazlal
Ru
Sif Muna
Uskayaw
Vehumet
Zin
The Shining One

Shops:
D:4 !   D:5 =*   D:6 %

Annotations:
D:6 3 runed doors, Leszczynek's ghost, novice DESk; murfs's ghost, novice DsGl; strelocc's ghost, novice MiHu


Innate Abilities, Weirdness & Mutations

You reflexively headbutt those who attack you in melee.
You have a pair of horns on your head.


Message History

Things that are here:
a mace; a ring mail; an orc corpse You feel sick.
You block the killer bee's attack. The killer bee stings you.
You feel sick. You block the killer bee's attack.
You feel sick.
The killer bee stings you but does no damage.
You feel sick. You block the killer bee's attack.
You feel sick. The killer bee completely misses you.
You feel sick. You block the killer bee's attack.
You feel sick. You block the killer bee's attack. x3
The killer bee stings you.
* * * LOW HITPOINT WARNING * * *
You feel sick. The killer bee stings you.
* * * LOW HITPOINT WARNING * * *
You block the killer bee's attack.
You feel sick. The killer bee stings you!
* * * LOW HITPOINT WARNING * * *
The killer bee stings you!
You die...

#..............)#.#####.....†..##
...............))...........)....
...........##.....#..#.....†.....
.....................#...##....##
................####.#....'....'.
.........####....# #.#....#....##
.........# #.#..# #.#....#.##...
.........# ####.###.#....#.# ##.
.........# #@.##)#... ... .
.........#######yy##.#.. #.#
##.....#......##...#.#....
#######......##.#.#.#...#
###......##.#.#.#...#
#........##.#.z.#...#
###'''#####.##..#...#
#.......#+.....z#...#
#.......##.####.#...#


You could see 2 killer bees and 2 wights.

Vanquished Creatures
  The ghost of Fandomethor the Cleaver, a novice MiFi of Makhleb (D:7)
  Sigmund (D:2)
  The ghost of M4edhros the Cleaver, an amateur MiBe of Trog (D:5)
  A hungry ghost (D:7)
  A water moccasin (D:6)
  An orc warrior (D:7)
  An ice beast (D:5)
  2 sky beasts
  4 ogres
  3 centaurs
  A big kobold (D:7)
  3 scorpions (D:5)
  2 killer bees (D:7)
  A crimson imp (D:5)
  2 bullfrog zombies
  2 bullfrog skeletons
  A hound (D:6)
  3 jellies (D:7)
  4 orc priests
  A water moccasin simulacrum (D:5)
  3 orc wizards
  Jessica (D:2)
  6 worker ants
  Ijyb (D:4)
  A worker ant zombie (D:6)
  Robin (D:2)
  3 gnolls (D:7)
  A howler monkey skeleton (D:6)
  10 adders
  A hound simulacrum (D:5)
  3 shadow imps
  A howler monkey simulacrum (D:5)
  2 worker ant simulacra (D:5)
  An ooze (D:2)
  An adder skeleton (D:4)
  An adder zombie (D:5)
  3 worms
  2 dart slugs (D:2)
  2 adder simulacra (D:5)
  6 leopard geckos
  26 orcs
  10 bats
  9 giant cockroaches
  19 hobgoblins
  12 jackals
  5 quokkas
  3 ball pythons
  9 frilled lizards
  13 goblins
  27 kobolds
  A quokka zombie (D:6)
  8 rats
228 creatures vanquished.

Vanquished Creatures (others)
  2 plants (Sewer)
  A withered plant (D:6)
3 creatures vanquished.

Grand Total: 231 creatures vanquished

Notes
Turn   | Place    | Note
-------+----------+-------------------------------------------
     0 | D:1      | Kholdaimon the Minotaur Fighter began the quest for the Orb.
     0 | D:1      | Reached XP level 1. HP: 19/19 MP: 0/0
   125 | D:1      | Reached XP level 2. HP: 27/27 MP: 1/1
   646 | D:2      | Reached XP level 3. HP: 27/33 MP: 2/2
   740 | D:2      | Noticed Robin
   752 | D:2      | Killed Robin
   752 | D:2      | Reached XP level 4. HP: 33/41 MP: 3/3
   772 | D:2      | Noticed Jessica
   780 | D:2      | Killed Jessica
   922 | D:2      | Noticed Sigmund
  1102 | D:2      | Killed Sigmund
  1102 | D:2      | Reached skill level 5 in Fighting
  1102 | D:2      | Reached skill level 5 in Armour
  1102 | D:2      | Reached skill level 5 in Shields
  1102 | D:2      | Reached XP level 5. HP: 20/48 MP: 4/4
  1102 | D:2      | Reached XP level 6. HP: 24/56 MP: 5/5
  1802 | D:3      | Found a glowing drain.
  1808 | Sewer    | Entered a sewer
  3156 | D:3      | Reached XP level 7. HP: 55/61 MP: 6/6
  3185 | D:3      | Reached skill level 5 in Axes
  3598 | D:4      | Noticed Ijyb
  3604 | D:4      | Killed Ijyb
  4166 | D:4      | Found Esigh's Distillery.
  4178 | D:4      | Bought a potion of brilliance for 44 gold pieces
  4178 | D:4      | Bought a potion of curing for 33 gold pieces
  4178 | D:4      | Bought a potion of agility for 44 gold pieces
  4178 | D:4      | Bought a potion of curing for 33 gold pieces
  4178 | D:4      | Bought a potion of flight for 33 gold pieces
  4389 | D:4      | Found a staircase to the Ecumenical Temple.
  4397 | Temple   | Entered the Ecumenical Temple
  4455 | Temple   | Became a worshipper of Warmaster Okawaru
  4521 | D:4      | Found a burning altar of Makhleb.
  4768 | D:5      | Entered Level 5 of the Dungeon
  4775 | D:5      | Found Wauxi's General Store.
  4810 | D:5      | Reached XP level 8. HP: 66/71 MP: 7/7
  5174 | D:5      | Found a runed gate.
  5183 | D:5      | Found a runed gate.
  5183 | D:5      | Found a runed gate.
  5270 | D:5      | Reached * piety under Okawaru
  5548 | D:5      | Found Gywkuc's Jewellery Boutique.
  5748 | D:5      | Noticed M4edhros's ghost (amateur MiBe)
  5933 | D:5      | Killed M4edhros's ghost
  6098 | D:6      | Found Utaxt's Food Emporium.
  6142 | D:6      | Reached XP level 9. HP: 70/81 MP: 8/8
  6420 | D:6      | Found a runed gate.
  6421 | D:6      | Found a runed gate.
  6421 | D:6      | Found a runed gate.
  6433 | D:6      | Reached ** piety under Okawaru
  6790 | D:6      | Noticed Leszczynek's ghost (novice DESk)
  6791 | D:6      | Noticed strelocc's ghost (novice MiHu)
  6791 | D:6      | Noticed murfs's ghost (novice DsGl)
  7235 | D:7      | Found a runed gate.
  7235 | D:7      | Found a runed gate.
  7235 | D:7      | Found a runed gate.
  7240 | D:7      | Noticed Fandomethor's ghost (novice MiFi)
  7275 | D:7      | Killed Fandomethor's ghost
  7686 | D:7      | Reached skill level 1 in Invocations
  7706 | D:7      | Slain by a killer bee

Vault maps used:
D:1:      dpeg_arrival_rooms_b, minmay_tripent
D:2:      minmay_heptomino_h4, uniq_jessica, uniq_robin, uniq_sigmund
D:3:      portal_sewer_entry_e
D:4:      minmay_temple_entry_statues_pillars, serial_shops, shop,
          bloody_makhleb, uniq_ijyb
D:5:      gammafunk_ghost_icy, first_ration, serial_shops, shop,
          nicolae_shop_statue_plus, lightli_corner_chamber
D:6:      gammafunk_ghost_cemetery, serial_shops, shop
D:7:      ebering_ghost_rock_garden
Temple:   nicolae_temple_elliptical
Sewer:    sewer_co_scattered_pipes

Skill      XL: |  1  2  3  4  5  6  7  8  9 |
---------------+----------------------------+-----
Armour         | 4 5 6 8 9 |  9.0
Fighting       | 4 5 6 7 9 |  9.0
Axes           | 3 4 6 7 8 |  8.8
Shields        | 4 5 6 7 9 |  9.2
Invocations    | 1 |  1.0

Action                   |  1- 3 |  4- 6 |  7- 9 || total
-------------------------+-------+-------+-------++-------
Melee: War axe           |    68 |   202 |   342 ||   612
       Headbutt          |    14 |    30 |    81 ||   125
Throw: Stone             |       |     3 |     4 ||     7
Invok: Heroism           |       |       |     1 ||     1
  Use: Scroll            |       |     7 |     5 ||    12
       Potion            |       |       |     2 ||     2
  Eat: Chunk             |       |     6 |    13 ||    19
       Ration            |       |     1 |     1 ||     2
Armor: Scale mail        |    47 |    92 |    81 ||   220
Dodge: Dodged            |    41 |    49 |    85 ||   175
Block: Shield            |    36 |   111 |   172 ||   319

Table legend:
 A = Spawn XP
 B = Non-spawn XP
 C = Spawn XP percentage of total XP
 D = Spawn monster count
 E = Non-spawn monster count
 F = Spawn count percentage of total count
 G = Total turns spent on level
                    A         B        C        D         E        F      G
               +---------+---------+-------+---------+---------+-------+---------
         Total |       0 |    4930 |   0.0 |       0 |     228 |   0.0 |  7706
               +---------+---------+-------+---------+---------+-------+---------
           D:1 |       0 |      38 |   0.0 |       0 |      24 |   0.0 |   666
           D:2 |       0 |     417 |   0.0 |       0 |      47 |   0.0 |   804
           D:3 |       0 |     296 |   0.0 |       0 |      44 |   0.0 |   849
           D:4 |       0 |     611 |   0.0 |       0 |      17 |   0.0 |  1147
           D:5 |       0 |    1316 |   0.0 |       0 |      38 |   0.0 |  1261
           D:6 |       0 |     604 |   0.0 |       0 |      14 |   0.0 |   874
           D:7 |       0 |    1595 |   0.0 |       0 |      24 |   0.0 |   803
         Sewer |       0 |      53 |   0.0 |       0 |      20 |   0.0 |  1226
               +---------+---------+-------+---------+---------+-------+---------
